 Dungeon Crawl Stone Soup version 0.21-a0-135-g8dc100c (webtiles) character file.

21716 nikopol the Eclecticist (level 12, -2/61 HPs)
             Began as a Deep Elf Fire Elementalist on July 11, 2017.
             Was an Elder of Vehumet.
             Slain by a frost giant
             ... wielding a +2 battleaxe of freezing
              (5 damage)
             ... in an ice cave on July 17, 2017.
             The game lasted 01:25:28 (15944 turns).

nikopol the Eclecticist (DEFE)                     Turns: 15944, Time: 01:25:28

Health: -2/61      AC:  9    Str:  5    XL:     12   Next: 56%
Magic:  33/33      EV: 15    Int: 28    God:    Vehumet [****..]
Gold:   836        SH:  0    Dex: 15    Spells: 27/41 levels left

rFire    . . .     SeeInvis .   J - +7 mace "Nyih" {pain, rC+ rN+ Int+2 Stlth+}
rCold    + . .     Gourm    .   (no shield)
rNeg     + . .     Faith    .   a - +0 robe
rPois    .         Spirit   .   z - +1 helmet
rElec    .         Reflect  .   K - +2 cloak {MR+}
rCorr    .         Harm     .   U - +0 pair of gloves
MR       +++..                  P - +0 pair of boots
Stlth    ++++......             (no amulet)
HPRegen  0.20/turn              j - ring of protection from magic
MPRegen  0.23/turn              (no ring)

@: no status effects
A: no striking features
a: Renounce Religion


You were in an ice cave.
You worshipped Vehumet.
Vehumet was greatly pleased with you.
You were hungry.

You visited 3 branches of the dungeon, and saw 13 of its levels.
You also visited: Ice Cave.

You collected 836 gold pieces.

Inventory:

Hand Weapons
 J - the +7 mace "Nyih" (weapon) {pain, rC+ rN+ Int+2 Stlth+}
   (You found it on level 6 of the Dungeon)

   In the hands of one skilled in necromantic magic, it inflicts extra damage on
   living creatures.
   It affects your intelligence (+2).
   It protects you from cold.
   It protects you from negative energy.
   It makes you more stealthy.
Armour
 a - a +0 robe (worn)
 z - a +1 helmet (worn)
 K - a +2 cloak of magic resistance (worn)
 P - a +0 pair of boots (worn)
 U - a +0 pair of gloves (worn)
Jewellery
 j - a ring of protection from magic (left hand)
 G - an uncursed ring of stealth {unknown}
Wands
 d - a wand of confusion (24/48)
 n - a wand of confusion (28/48)
 w - a wand of digging (15/24)
 H - a wand of paralysis (9/24)
 I - a wand of iceblast (9/15)
 O - a wand of acid (8/15)
 Q - a wand of confusion (30/48)
 R - a wand of lightning (7/15)
 S - a wand of iceblast (8/15)
 V - a wand of lightning (5/15)
 W - a wand of scattershot (3/9)
Scrolls
 f - 3 scrolls of remove curse
 h - a scroll of identify
 l - 2 scrolls of enchant armour
 s - 2 scrolls of teleportation
 t - a scroll of blinking
 v - a scroll of vulnerability {unknown}
 x - a scroll of recharging {unknown}
 y - 2 scrolls of magic mapping {unknown}
 A - 2 scrolls of immolation
 C - a scroll of silence {unknown}
 D - a scroll of amnesia {unknown}
 N - a scroll of fog {unknown}
Potions
 e - 2 potions of agility
 g - 2 potions of heal wounds
 k - 2 potions of ambrosia
 p - 3 potions of curing
 q - a potion of might
 r - 3 potions of flight
 B - 2 potions of resistance
 E - 2 potions of invisibility {unknown}
 F - 2 potions of brilliance
 L - a potion of mutation {unknown}
 M - 2 potions of magic {unknown}
 T - 2 potions of berserk rage {unknown}
Books
 b - a book of Flames

   Spells                             Type                      Level
   a - Flame Tongue                   Conjuration/Fire             1
   b - Throw Flame                    Conjuration/Fire             2
   c - Conjure Flame                  Conjuration/Fire             3
   d - Inner Flame                    Hexes/Fire                   3
   e - Sticky Flame                   Conjuration/Fire             4
   f - Fireball                       Conjuration/Fire             5
Miscellaneous
 u - a phantom mirror
Comestibles
 c - 11 bread rations
 i - 6 royal jellies
 m - 6 fruits
 o - 6 meat rations


   Skills:
 + Level 1.2 Fighting
 + Level 1.1 Maces & Flails
 + Level 4.7 Dodging
 + Level 4.9 Stealth
 + Level 15.4 Spellcasting
 + Level 12.6 Conjurations
 + Level 2.1 Hexes
 + Level 12.5 Fire Magic


You had 27 spell levels left.
You knew the following spells:

 Your Spells              Type           Power        Failure   Level  Hunger
a - Flame Tongue          Conj/Fire      #####        0%          1    None
b - Throw Flame           Conj/Fire      ######       0%          2    None
c - Conjure Flame         Conj/Fire      #######.     1%          3    None
d - Fireball              Conj/Fire      #######...   1%          5    None
e - Dazzling Spray        Conj/Hex       ######       1%          3    None


Dungeon Overview and Level Annotations

Branches:
Dungeon (11/15)            Temple (1/1) D:4            Lair (1/6) D:11
    Orc (0/2) D:9

Altars:
Ashenzari
Cheibriados
Dithmenos
Elyvilon
Fedhas
Gozag
Hepliaklqana
Kikubaaqudgha
Makhleb
Nemelex Xobeh
Okawaru
Qazlal
Ru
Sif Muna
Trog
Uskayaw
Vehumet
Wu Jian
Xom
Yredelemnul
Zin
The Shining One

Shops:
D:7 (!


Message History

You bump into the ice covered rock wall.
You bump into the ice covered rock wall.
You hit the frost giant.
The frost giant is almost dead.
The frost giant gestures at you while chanting.
The bolt of cold hits you! You resist.
The frost giant hits you with a battleaxe of freezing!
The frost giant freezes you.
* * * LOW HITPOINT WARNING * * *
The yak bellows!
You bump into the ice covered rock wall.
The frost giant barely misses you.
You bump into the ice covered rock wall.
You bump into the ice covered rock wall.
You feel less invigorated.
You feel less confused.
The frost giant hits you with a battleaxe of freezing!!
* * * LOW HITPOINT WARNING * * *
The frost giant freezes you.
You die...

### ###.Y.##≈≈≈
###.#####..##.#≈≈≈≈
###..#.##..#.#.≈≈≈≈≈≈
#..####C.####.#.##≈≈≈
###C.# #######..##≈≈≈≈
##...## ###...#### #≈
#..⌠..###...#....######
##...###..####.....##..
##.YC@..## ##......##
######## ########


You could see a frost giant and a yak.

Vanquished Creatures
  Josephine (D:10)
  A hydra (D:9)
  Erica (D:8)
  3 two-headed ogres
  A death yak (IceCv)
  Pikel (D:8)
  2 ugly things (D:11)
  Psyche (D:8)
  An ice statue (IceCv)
  A rime drake (IceCv)
  4 trolls
  A hornet (D:8)
  14 polar bears (IceCv)
  3 hippogriffs
  Sigmund (D:6)
  A spriggan (D:7)
  A shadow (D:11)
  3 wraiths (D:10)
  19 yaks (IceCv)
  Grum (D:8)
  2 hungry ghosts
  Menkaure (D:5)
  A soldier ant (D:6)
  3 orc warriors
  An ice beast (D:6)
  2 slaves (D:8)
  A black bear (D:7)
  A sky beast (D:4)
  2 phantoms
  2 eyes of draining
  2 necrophages
  10 ogres
  18 wolves
  2 centaurs
  A crocodile (Lair:1)
  2 big kobolds
  7 bullfrogs
  A water moccasin skeleton (D:9)
  A scorpion (D:10)
  6 killer bees (D:9)
  2 howler monkeys (D:11)
  4 wights (D:10)
  A crimson imp (D:11)
  A quasit (D:8)
  5 hounds
  2 jellies
  5 orc priests
  8 orc wizards
  A gnoll shaman (D:6)
  Crazy Yiuf (D:6)
  A bullfrog skeleton (D:5)
  A centaur skeleton (D:5)
  5 iguanas
  9 worker ants
  A hound skeleton (D:6)
  2 hound zombies
  A worker ant zombie (D:10)
  Robin (D:3)
  10 adders
  11 gnolls
  A shadow imp (D:8)
  2 adder skeletons
  4 worms
  4 dart slugs
  4 leopard geckos
  41 orcs
  A ball python (D:2)
  7 bats
  5 giant cockroaches
  17 goblins
  15 hobgoblins
  9 jackals
  14 kobolds
  9 quokkas
  A frilled lizard (D:2)
  A leopard gecko skeleton (D:6)
  8 rats
  A butterfly (D:4)
343 creatures vanquished.

Vanquished Creatures (others)
  A yak (IceCv)
  An orc warrior (D:8)
  2 slaves (D:8)
  A wolf (IceCv)
  An ooze (D:6)
  An orc (D:8)
  A fungus (Lair:1)
8 creatures vanquished.

Grand Total: 351 creatures vanquished

Notes
Turn   | Place    | Note
-------+----------+-------------------------------------------
     0 | D:1      | nikopol the Deep Elf Fire Elementalist began the quest for the Orb.
     0 | D:1      | Reached XP level 1. HP: 10/10 MP: 6/6
   130 | D:1      | Reached XP level 2. HP: 15/15 MP: 5/8
   134 | D:1      | Learned a level 2 spell: Throw Flame
   743 | D:2      | Reached XP level 3. HP: 19/19 MP: 7/9
   748 | D:2      | Learned a level 3 spell: Conjure Flame
  1258 | D:2      | Reached XP level 4. HP: 24/24 MP: 6/11
  1352 | D:2      | Reached skill level 4 in Spellcasting
  1717 | D:2      | Found a shimmering altar of Xom.
  1888 | D:3      | Reached XP level 5. HP: 27/28 MP: 7/14
  1895 | D:3      | Learned a level 5 spell: Fireball
  2172 | D:3      | Noticed Robin
  2280 | D:2      | Reached skill level 5 in Spellcasting
  2866 | D:3      | Killed Robin
  3166 | D:3      | Reached skill level 5 in Fire Magic
  3168 | D:3      | Reached XP level 6. HP: 31/32 MP: 6/16
  3263 | D:4      | Reached skill level 6 in Spellcasting
  3662 | D:4      | Noticed a sky beast
  3667 | D:4      | Killed a sky beast
  3667 | D:4      | Reached XP level 7. HP: 36/36 MP: 11/18
  4276 | D:4      | Reached skill level 7 in Spellcasting
  4669 | D:4      | Got a pitted short sword
  4671 | D:4      | Identified the +4 short sword of the Tent {vamp, rF+} (You found it on level 4 of the Dungeon)
  4695 | D:4      | Found a staircase to the Ecumenical Temple.
  4717 | D:4      | Found a deep blue altar of Sif Muna.
  4740 | Temple   | Entered the Ecumenical Temple
  4884 | D:4      | Reached skill level 5 in Conjurations
  4995 | D:5      | Entered Level 5 of the Dungeon
  5160 | D:5      | Noticed Menkaure
  5162 | D:5      | Killed Menkaure
  5162 | D:5      | Reached XP level 8. HP: 41/41 MP: 15/21
  5243 | D:5      | Reached skill level 8 in Spellcasting
  5313 | D:5      | Found a blossoming altar of Fedhas.
  6004 | D:6      | Found a blossoming altar of Fedhas.
  6038 | D:6      | Noticed Sigmund
  6141 | D:6      | Reached skill level 9 in Spellcasting
  6278 | D:6      | Got a spiked chain mail
  6289 | D:6      | Identified the +4 chain mail "Xuupe" {Slay+3} (You found it on level 6 of the Dungeon)
  6385 | D:6      | Found a runed door.
  6389 | D:6      | Got a steaming mace
  6390 | D:6      | Noticed Crazy Yiuf
  6393 | D:6      | Killed Crazy Yiuf
  6402 | D:6      | Got a fine mace
  6487 | D:4      | Identified the +7 mace of Joyful Slaughter {drain, rElec} (You found it on level 6 of the Dungeon)
  6490 | D:4      | Identified the +7 mace "Nyih" {pain, rC+ rN+ Int+2 Stlth+} (You found it on level 6 of the Dungeon)
  6529 | D:6      | Killed Sigmund
  6529 | D:6      | Reached XP level 9. HP: 45/45 MP: 10/24
  6705 | D:6      | Found a burning altar of Makhleb.
  6734 | D:6      | Found a blossoming altar of Fedhas.
  6963 | D:7      | Reached skill level 10 in Spellcasting
  7041 | D:7      | Found Ducvi's Antique Weapon Shoppe.
  7209 | D:7      | Found a radiant altar of Vehumet.
  7219 | D:7      | Became a worshipper of Vehumet
  7311 | D:7      | Upgraded the game from 0.21-a0-111-g52d2817 to 0.21-a0-122-g43b3ea6
  7398 | D:7      | Found Ifiybrevuh's Distillery.
  7713 | D:8      | Noticed Pikel
  7723 | D:8      | Killed Pikel
  7723 | D:8      | Reached skill level 11 in Spellcasting
  7967 | D:8      | Reached XP level 10. HP: 50/50 MP: 15/27
  8073 | D:8      | Noticed Psyche
  8083 | D:8      | Killed Psyche
  8173 | D:8      | Upgraded the game from 0.21-a0-122-g43b3ea6 to 0.21-a0-125-gb006224
  8191 | D:8      | Noticed Grum
  8204 | D:8      | Killed Grum
  8204 | D:8      | Reached skill level 1 in Maces & Flails
  8501 | D:8      | Found a sacrificial altar of Ru.
  8569 | D:8      | Noticed Erica
  8573 | D:8      | Killed Erica
  8573 | D:8      | Reached skill level 12 in Spellcasting
  9326 | D:9      | Found an iron altar of Okawaru.
  9380 | D:9      | Reached * piety under Vehumet
  9380 | D:9      | Offered knowledge of Sandblast by Vehumet.
  9510 | D:9      | Found a shattered altar of Ashenzari.
  9553 | D:9      | Found a staircase to the Orcish Mines.
  9579 | D:9      | Noticed a six-headed hydra
  9582 | D:9      | Killed a six-headed hydra
  9582 | D:9      | Reached skill level 10 in Fire Magic
  9674 | D:9      | Found a radiant altar of Vehumet.
  9691 | D:9      | Reached skill level 10 in Conjurations
 10163 | D:9      | Found a snail-covered altar of Cheibriados.
 10548 | D:10     | Entered Level 10 of the Dungeon
 10553 | D:10     | Noticed Josephine
 10558 | D:10     | Killed Josephine
 10558 | D:10     | Reached XP level 11. HP: 55/55 MP: 9/29
 10563 | D:10     | Reached skill level 13 in Spellcasting
 10709 | D:9      | Upgraded the game from 0.21-a0-125-gb006224 to 0.21-a0-128-gf2b353c
 11021 | D:10     | Offered knowledge of Searing Ray by Vehumet.
 11061 | D:10     | Reached ** piety under Vehumet
 11525 | D:10     | Noticed a two-headed ogre
 11534 | D:10     | Killed a two-headed ogre
 11952 | D:11     | Offered knowledge of Dazzling Spray by Vehumet.
 11962 | D:11     | Learned a level 3 spell: Dazzling Spray
 12237 | D:11     | Noticed a two-headed ogre
 12242 | D:11     | Killed a two-headed ogre
 12243 | D:11     | Reached *** piety under Vehumet
 12375 | D:11     | Found a staircase to the Lair.
 12737 | D:11     | Noticed a two-headed ogre
 12753 | D:11     | Killed a two-headed ogre
 12753 | D:11     | Reached skill level 14 in Spellcasting
 13051 | D:11     | Noticed a cyan ugly thing
 13051 | D:11     | Noticed a purple ugly thing
 13055 | D:11     | Killed a purple ugly thing
 13060 | D:11     | Killed a cyan ugly thing
 13177 | Lair:1   | Entered Level 1 of the Lair of Beasts
 13295 | Lair:1   | Found a frozen archway.
 13304 | IceCv    | Entered an ice cave
 13306 | IceCv    | Offered knowledge of Throw Icicle by Vehumet.
 14084 | IceCv    | Reached XP level 12. HP: 60/60 MP: 20/32
 14712 | IceCv    | Reached **** piety under Vehumet
 14712 | IceCv    | Reached skill level 1 in Hexes
 14719 | IceCv    | Reached skill level 1 in Fighting
 14846 | IceCv    | Reached skill level 15 in Spellcasting
 14963 | IceCv    | Upgraded the game from 0.21-a0-128-gf2b353c to 0.21-a0-135-g8dc100c
 14965 | IceCv    | Noticed a death yak
 14988 | IceCv    | Offered knowledge of Olgreb's Toxic Radiance by Vehumet.
 15126 | IceCv    | Killed a death yak
 15550 | IceCv    | Noticed a frost giant
 15566 | IceCv    | HP: 3/60 [frost giant/battleaxe of freezing (23)]
 15566 | IceCv    | HP: 1/60 [frost giant/battleaxe of freezing (2)]
 15944 | IceCv    | HP: 3/61 [frost giant/battleaxe of freezing (26)]
 15944 | IceCv    | Slain by a frost giant

Vault maps used:
D:1:      nicolae_arrival_memento_mori
D:2:      lemuel_coloured_pillars_altar
D:3:      first_bread, uniq_robin
D:4:      lemuel_blue_sif_altar, minmay_temple_entry_butterflies
D:5:      fedhas_bush_and_centaur_altar, uniq_menkaure
D:6:      kennysheep_mini, makhleb_blood_cavern_becter, basic_altar,
          lemuel_old_faithful, uniq_sigmund, uniq_crazy_yiuf_cottage
D:7:      serial_shops, shop, shop, the_bakery, vehumet_altar_wand_db
D:8:      kennysheep_mini_moat, uniq_erica, uniq_grum, uniq_psyche, uniq_pikel
D:9:      cheibriados_altar_1, nicolae_ashenzari_panopticon,
          nicolae_overflow_crystal_walls, orc_0_dummy, okawaru_ov_weapons_minmay
D:10:     uniq_josephine
D:11:     lair_entry_dummy, st_stairs_13
Temple:   jpeg_temple_clearing
Lair:1:   minmay_guarded_unrand_snakebite, portal_ice_cave_entry_pillars_1
IceCv:    ice_cave_caverns_02

Skill      XL: |  1  2  3  4  5  6  7  8  9 10 11 12 |
---------------+-------------------------------------+-----
Fire Magic     | 4 5 6 7 8 10 11 12 | 12.5
Spellcasting   | 4 5 6 7 9 11 12 14 15 | 15.4
Conjurations   | 2 3 4 5 7 8 10 11 12 | 12.6
Stealth        | 3 4 |  4.9
Dodging        | 3 4 |  4.7
Maces & Flails | 1 |  1.1
Hexes          | 2 |  2.1
Fighting       | 1 |  1.2

Action                   |  1- 3 |  4- 6 |  7- 9 | 10-12 || total
-------------------------+-------+-------+-------+-------++-------
Melee: Mace              |       |       |     8 |     2 ||    10
 Cast: Flame Tongue      |    85 |   133 |   162 |   413 ||   793
       Conjure Flame     |       |     7 |    11 |    47 ||    65
       Throw Flame       |       |     8 |    74 |    69 ||   151
       Fireball          |       |       |     9 |    52 ||    61
       Dazzling Spray    |       |       |       |    12 ||    12
Evoke: Wand              |       |       |       |     1 ||     1
  Use: Scroll            |       |       |    12 |    10 ||    22
       Potion            |       |       |       |     2 ||     2
  Eat: Chunk             |     1 |     7 |    13 |    25 ||    46
       Royal jelly       |       |       |       |     1 ||     1
Armor: Robe              |     4 |     2 |    11 |    37 ||    54
Dodge: Dodged            |    18 |    33 |    23 |    86 ||   160
